 Dungeon Sprint DCSS version 0.18-a0-1788-g92de1ac (webtiles) character file.

19550 PunPun the Peltast (level 12, -6/121 HPs)
             Began as a Minotaur Fighter on Apr 21, 2016.
             Was the Champion of Pakellas.
             Killed from afar by Aizul (9 damage)
             ... with a bolt of poison
             ... in the Dungeon (Sprint IX: "|||||||||||||||||||||||||||||").
             The game lasted 00:08:06 (3298 turns).

PunPun the Peltast (Minotaur Fighter)               Turns: 3298, Time: 00:08:08

Health: -6/121     AC: 34    Str: 28    XL:     12   Next: 37%
Magic:  20/20      EV:  9    Int:  5    God:    Pakellas [******]
Gold:   915        SH: 24    Dex: 11    Spells: 0 memorised, 11 levels left

rFire  . . .     SeeInvis .     p - +2 morningstar (crush)
rCold  . . .     Gourm    .     G - +8 plate armour {ponderous}
rNeg   . . .     Faith    .     O - +1 large shield
rPois  .         Spirit   .     (helmet restricted)
rElec  .         Dismiss  .     E - +0 cloak
rCorr  .         Reflect  .     N - +0 pair of gloves {Str+3}
SustAt .         Harm     .     o - +0 pair of boots
MR     .....     NoTele   +     H - amulet of regeneration
Stlth  ..........               s - +2 ring of protection
                                r - +2 ring of protection

@: lethally poisoned (-6 -> -39), slow, not resistant to hostile enchantments,
extremely unstealthy
A: retaliatory headbutt, horns 2
a: Quick Charge, Device Surge, Supercharge, Renounce Religion


You were in the Dungeon.
You worshipped Pakellas.
Pakellas was exalted by your worship.
You were not hungry.

You visited 1 branch You collected 1945 gold pieces.
You spent 1030 gold pieces at shops.

Inventory:

Hand Weapons
 p - a +2 morningstar of crushing (weapon)
Armour
 c - a +0 shield
 o - a +0 pair of boots (worn)
 E - a +0 cloak (worn)
 F - a +0 pair of gloves
 G - a +8 plate armour of ponderousness (worn)
 N - a +0 pair of gloves of strength (worn)
 O - a +1 large shield (worn)
Rods
 A - a +8 rod of shadows (10/10)
   (Pakellas gifted it to you in the Dungeon)
Jewellery
 r - a +2 ring of protection (left hand)
 s - a +2 ring of protection (right hand)
 B - a +3 amulet of reflection
 H - an amulet of regeneration (around neck)
 J - an uncursed ring of protection from fire
 K - an uncursed ring of fire
 L - an uncursed ring of protection from magic
 M - an uncursed ring of ice
Wands
 a - a wand of slowing (34/48)
 n - a wand of iceblast (7/15)
 t - a wand of enslavement (6/24)
Scrolls
 k - 3 scrolls of blinking
 l - 4 scrolls of remove curse
 m - 2 scrolls of amnesia
 x - 3 scrolls of enchant armour
 y - 4 scrolls of identify
 z - 2 scrolls of enchant weapon
 Q - a scroll of recharging
Potions
 d - a potion of brilliance
 e - 6 potions of curing
 g - 4 potions of heal wounds
 h - a potion of haste
 i - 6 potions of magic
 j - a potion of invisibility
 v - a potion of agility
 w - 3 potions of cure mutation
 I - 3 potions of might
 P - a potion of resistance
Miscellaneous
 b - a box of beasts {used: 1}
 q - a lamp of fire
 u - a fan of gales (inert)
Comestibles
 f - 12 bread rations
 C - 40 fruits
 D - 12 meat rations


   Skills:
 + Level 15.5 Fighting
 + Level 16.4 Maces & Flails
 + Level 15.8 Armour
 + Level 6.9 Dodging
 + Level 18.3 Shields
 * Level 12.9 Evocations


You had 11 spell levels left.
You didn't know any spells.

Dungeon Overview and Level Annotations

Branches:
Dungeon (1/1)

Altars:
Cheibriados
Dithmenos
Elyvilon
Fedhas
Gozag
Kikubaaqudgha
Makhleb
Nemelex Xobeh
Okawaru
Pakellas
Qazlal
Ru
Sif Muna
Trog
Vehumet
Xom
Yredelemnul
Zin
The Shining One
Beogh
Jiyva
Lugonu

Shops:
D [}*=

Annotations:
D Aizul


Innate Abilities, Weirdness & Mutations

You reflexively headbutt those who attack you in melee.
You have a pair of horns on your head.


Message History

Aizul casts a spell at you.
The bolt of poison hits your air elemental.
Your air elemental completely resists.
The bolt of poison hits you!
You are more poisoned.
* * * LOW HITPOINT WARNING * * *
Your air elemental hits Aizul!
* * * LOW HITPOINT WARNING * * *
You feel sick.
Your air elemental hits Aizul.
Aizul casts a spell at you.
The bolt of poison hits your air elemental.
Your air elemental completely resists.
The bolt of poison misses you.
Your air elemental hits Aizul!
Aizul coils himself and waves his upper body at you.
The bolt of poison hits your air elemental.
Your air elemental completely resists.
The bolt of poison hits you!
You are more poisoned.
You die...
Pakellas says: Time to find a new assistant...

▓.▓[▓.▓)▓.▓.▓.▓_▓
▓.▓[▓.▓)▓.▓.▓.▓_▓
▓.▓.▓.▓)▓.▓.▓.▓_▓
▓.▓.▓.▓)▓.▓.▓.▓_▓
▓.▓[▓.▓)▓.▓.▓.▓_▓
▓S▓[▓.▓.▓.▓.▓.▓_▓
▓E▓[▓.▓)▓.▓†▓.▓_▓
▓.▓.▓.▓.▓.▓.▓.▓_▓
▓@▓.▓.▓.▓.▓.▓.▓_▓
▓.▓.▓.▓.▓.▓.▓.▓_▓
♣.▓.▓.▓.▓.▓.▓.▓_▓
♣.▓.▓.▓.▓.▓.▓.▓_▓
♣.▓.▓.▓.▓.▓.▓.▓_▓
♣.▓.▓.▓.▓.▓.▓.▓_▓
♣.▓.▓.▓)▓.▓.▓.▓'▓
♣.▓.▓.▓)▓.▓.▓.▓.▓
♣.▓.▓.▓[▓.▓'▓.▓.▓


You could see Aizul and a friendly air elemental.

Vanquished Creatures
  A stone giant (D)
  Harold (D)
  2 rakshasas (D)
  An ice dragon (D)
  6 ogre magi (D)
  A hydra (D)
  A deep troll shaman (D)
  An orc high priest (D)
  2 hill giants (D)
  2 orc knights (D)
  An orc sorcerer (D)
  A deep elf mage (D)
  A spiny frog (D)
  A rime drake (D)
  A komodo dragon (D)
  A troll (D)
  5 two-headed ogres (D)
  A polar bear (D)
  2 blink frogs (D)
  A wraith (D)
  Eustachio (D)
  A hippogriff (D)
  4 yaks (D)
  Grum (D)
  A hungry ghost (D)
  2 water moccasins (D)
  2 porcupines (D)
  A sky beast (D)
  11 orc warriors (D)
  2 ice beasts (D)
  An eye of draining (D)
  4 ogres (D)
  5 wolves (D)
  A boggart (D)
  2 crocodiles (D)
  A killer bee (D)
  A jelly (D)
  An orc priest (D)
  2 iguanas (D)
  2 orc wizards (D)
  2 river rats (D)
  An adder (D)
  An adder zombie (D)
  An adder skeleton (D)
  A giant gecko (D)
  6 orcs (D)
  A bat (D)
  A bat skeleton (D)
  A hobgoblin (D)
  2 jackals (D)
  A giant newt (D)
  A rat (D)
98 creatures vanquished.

Vanquished Creatures (collateral kills)
  Sonja (D)
  A cyclops (D)
  Maurice (D)
  A wyvern (D)
  A warg (D)
  2 hell hounds (D)
  4 wolves (D)
11 creatures vanquished.

Vanquished Creatures (others)
  A spatial maelstrom (D)
  An orc warrior (D)
2 creatures vanquished.

Grand Total: 111 creatures vanquished

Notes
Turn   | Place    | Note
--------------------------------------------------------------
     0 | D        | PunPun the Minotaur Fighter began the quest for the Orb.
     0 | D        | Reached XP level 1. HP: 19/19 MP: 0/0
     5 | D        | Reached skill level 4 in Shields
    15 | D        | Banished a spatial maelstrom
   117 | D        | Noticed an ogre
   117 | D        | Noticed an ice beast
   117 | D        | Reached XP level 2. HP: 28/28 MP: 1/1
   120 | D        | Killed an ogre
   120 | D        | Reached skill level 5 in Maces & Flails
   120 | D        | Reached skill level 1 in Dodging
   120 | D        | Reached skill level 6 in Shields
   120 | D        | Reached XP level 3. HP: 38/38 MP: 2/2
   120 | D        | Reached XP level 4. HP: 45/45 MP: 3/3
   131 | D        | Killed an ice beast
   131 | D        | Reached skill level 7 in Shields
   131 | D        | Reached XP level 5. HP: 39/52 MP: 4/4
   272 | D        | Found a glowing silver altar of Zin.
   272 | D        | Found a glowing golden altar of the Shining One.
   272 | D        | Found an ancient bone altar of Kikubaaqudgha.
   272 | D        | Found a basalt altar of Yredelemnul.
   272 | D        | Found a shimmering altar of Xom.
   272 | D        | Found a radiant altar of Vehumet.
   273 | D        | Found an iron altar of Okawaru.
   274 | D        | Found a burning altar of Makhleb.
   275 | D        | Found a deep blue altar of Sif Muna.
   276 | D        | Found a bloodstained altar of Trog.
   277 | D        | Found a sparkling altar of Nemelex Xobeh.
   278 | D        | Found a white marble altar of Elyvilon.
   279 | D        | Found a roughly hewn altar of Beogh.
   280 | D        | Found a viscous altar of Jiyva.
   281 | D        | Found a corrupted altar of Lugonu.
   282 | D        | Found a blossoming altar of Fedhas.
   283 | D        | Found a snail-covered altar of Cheibriados.
   284 | D        | Found a shadowy altar of Dithmenos.
   285 | D        | Found a stormy altar of Qazlal.
   286 | D        | Found an opulent altar of Gozag.
   287 | D        | Found a sacrificial altar of Ru.
   288 | D        | Found an oddly glowing altar of Pakellas.
   297 | D        | Became a worshipper of Pakellas the Inventive
   342 | D        | Noticed an eye of draining
   342 | D        | Noticed a yak
   342 | D        | Noticed an ice beast
   344 | D        | Killed an eye of draining
   344 | D        | Reached skill level 8 in Shields
   344 | D        | Reached XP level 6. HP: 61/61 MP: 2/6
   347 | D        | Killed a yak
   347 | D        | Reached * piety under Pakellas
   347 | D        | Received a gift from Pakellas
   347 | D        | Reached skill level 9 in Shields
   350 | D        | Killed an ice beast
   350 | D        | Reached XP level 7. HP: 62/70 MP: 3/8
   351 | D        | Reached ** piety under Pakellas
   351 | D        | Received a gift from Pakellas
   353 | D        | Reached skill level 10 in Armour
   381 | D        | Noticed a troll
   381 | D        | Noticed a hill giant
   381 | D        | Noticed a yak
   381 | D        | Noticed a hippogriff
   381 | D        | Noticed a hungry ghost
   386 | D        | Killed a troll
   386 | D        | Reached skill level 10 in Shields
   389 | D        | Killed a hill giant
   389 | D        | Reached *** piety under Pakellas
   389 | D        | Received a gift from Pakellas
   389 | D        | Reached skill level 10 in Fighting
   389 | D        | Reached skill level 11 in Shields
   389 | D        | Reached skill level 5 in Evocations
   389 | D        | Reached XP level 8. HP: 64/80 MP: 5/11
   399 | D        | Reached **** piety under Pakellas
   399 | D        | Received a gift from Pakellas
   647 | D        | Reached skill level 12 in Shields
   648 | D        | Reached ***** piety under Pakellas
   648 | D        | Received a gift from Pakellas
   648 | D        | Reached XP level 9. HP: 76/89 MP: 11/13
   659 | D        | Noticed a seven-headed hydra
   662 | D        | Identified a +8 rod of shadows (10/10) (Pakellas gifted it to you in the Dungeon)
   675 | D        | Killed a seven-headed hydra
   675 | D        | Reached skill level 5 in Dodging
   690 | D        | Reached skill level 10 in Maces & Flails
   844 | D        | Noticed a rime drake
   844 | D        | Noticed a spiny frog
   844 | D        | Noticed a komodo dragon
   848 | D        | Reached ****** piety under Pakellas
   852 | D        | Killed a rime drake
   852 | D        | Reached skill level 13 in Shields
   854 | D        | Killed a spiny frog
   858 | D        | Killed a komodo dragon
   860 | D        | Noticed a polar bear
   871 | D        | Killed a polar bear
   871 | D        | Reached XP level 10. HP: 78/99 MP: 15/15
  1011 | D        | Reached skill level 14 in Shields
  1277 | D        | Noticed Grum
  1295 | D        | Killed Grum
  1364 | D        | Noticed Eustachio
  1399 | D        | Killed Eustachio
  1445 | D        | Noticed an orc sorcerer
  1460 | D        | Killed an orc sorcerer
  1507 | D        | Noticed an orc knight
  1519 | D        | Noticed an orc high priest
  1523 | D        | Killed an orc knight
  1523 | D        | Reached skill level 15 in Shields
  1523 | D        | Reached skill level 10 in Evocations
  1569 | D        | Noticed a rust devil
  1574 | D        | Noticed a sixfirhy
  1580 | D        | Killed an orc high priest
  1613 | D        | Noticed an orc knight
  1623 | D        | Killed an orc knight
  1623 | D        | Reached XP level 11. HP: 41/107 MP: 17/17
  1967 | D        | Found Uhiaf's Armour Emporium.
  1969 | D        | Noticed an ogre mage
  1971 | D        | Noticed an ogre mage
  1982 | D        | Paralysed by an ogre mage for 2 turns
  1989 | D        | Killed an ogre mage
  1989 | D        | Reached skill level 16 in Shields
  2004 | D        | Killed an ogre mage
  2021 | D        | Found Jebiv's Gadget Shoppe.
  2025 | D        | Found Ruryuh's General Store.
  2029 | D        | Found Wiynirir's Jewellery Shoppe.
  2031 | D        | Noticed an ogre mage
  2032 | D        | Noticed an ogre mage
  2034 | D        | Noticed an ogre mage
  2043 | D        | Killed an ogre mage
  2052 | D        | Killed an ogre mage
  2053 | D        | Killed an ogre mage
  2108 | D        | Bought a lamp of fire for 480 gold pieces
  2112 | D        | Bought a +3 amulet of reflection for 250 gold pieces
  2112 | D        | Bought an uncursed amulet of regeneration for 300 gold pieces
  2292 | D        | Noticed Sonja
  2298 | D        | Killed Sonja
  2478 | D        | Noticed a deep elf mage
  2478 | D        | Noticed a hill giant
  2481 | D        | Reached skill level 15 in Maces & Flails
  2481 | D        | Reached skill level 17 in Shields
  2481 | D        | Killed a deep elf mage
  2483 | D        | Killed a hill giant
  2483 | D        | Reached skill level 15 in Armour
  2492 | D        | Noticed an ice dragon
  2498 | D        | Noticed an ogre mage
  2500 | D        | Noticed a rakshasa
  2508 | D        | Killed an ice dragon
  2510 | D        | Killed an ogre mage
  2510 | D        | Reached skill level 15 in Fighting
  2510 | D        | Reached XP level 12. HP: 98/119 MP: 20/20
  2520 | D        | Killed a rakshasa
  2532 | D        | Noticed a stone giant
  2550 | D        | Killed a stone giant
  2756 | D        | Noticed a rakshasa
  2757 | D        | Noticed a deep troll shaman
  2793 | D        | Killed a rakshasa
  2798 | D        | Killed a deep troll shaman
  2798 | D        | Reached skill level 18 in Shields
  3123 | D        | Noticed Maurice
  3130 | D        | Killed Maurice
  3251 | D        | Noticed Harold
  3262 | D        | Killed Harold
  3277 | D        | Noticed Aizul
  3297 | D        | HP: 4/121 [Aizul/bolt of poison (17)]
  3298 | D        | Killed from afar by Aizul

Vault maps used:
D:        linesprint

Skill      XL: |  1  2  3  4  5  6  7  8  9 10 11 12 |
---------------+-------------------------------------+-----
Shields        | 4 6 7 8 9 11 12 13 15 17 18 | 18.3
Fighting       | 4 6 7 8 9 10 11 12 13 15 | 15.5
Armour         | 4 6 7 8 9 11 12 13 14 15 | 15.8
Maces & Flails | 3 5 6 7 8 9 11 13 15 16 | 16.4
Dodging        | 1 2 3 4 5 6 |  6.9
Evocations     | 2 3 5 7 8 10 12 | 12.9

Action                   |  1- 3 |  4- 6 |  7- 9 | 10-12 || total
-------------------------+-------+-------+-------+-------++-------
Melee: Flail             |    17 |    10 |       |       ||    27
       Headbutt          |     2 |     4 |    20 |    55 ||    81
       Morningstar       |       |     7 |    85 |   313 ||   405
Evoke: Rod               |       |       |     2 |       ||     2
       Wand              |       |       |       |     1 ||     1
       Box of beasts     |       |       |       |     1 ||     1
       Lamp of fire      |       |       |       |     4 ||     4
       Fan of gales      |       |       |       |     2 ||     2
  Use: Potion            |     1 |     1 |       |     2 ||     4
  Eat: Chunk             |       |       |     3 |     4 ||     7
       Bread ration      |       |       |       |     1 ||     1
Armor: Scale mail        |     6 |     1 |       |       ||     7
       Plate armour      |       |     1 |    30 |   106 ||   137
Dodge: Dodged            |     3 |     2 |    24 |    74 ||   103
Block: Shield            |     9 |     4 |    53 |   135 ||   201
       Large shield      |       |       |       |    91 ||    91
